 Dungeon Crawl Stone Soup version 0.29.1-14-g9c671dbff4 (webtiles) character file.

Game seed: 2081579594790324109

516 Smoke131 the Firebug (level 7, 57/57 HPs)
             Began as a White Draconian Fire Elementalist on Feb 21, 2023.
             Was an Initiate of Vehumet.
             Quit the game on level 4 of the Dungeon.
             The game lasted 00:10:07 (3523 turns).

Smoke131 the Firebug (DrFE)                         Turns: 3523, Time: 00:10:08

Health: 57/57      AC:  6    Str: 10    XL:     7   Next: 0%
Magic:  5/12       EV: 12    Int: 17    God:    Vehumet [......]
Gold:   181        SH:  0    Dex: 12    Spells: 7/13 levels left

rFire   . . .      SeeInvis .   g - +0 spear
rCold   + . .      Faith    .   (no shield)
rNeg    . . .      Spirit   .   (body armour unavailable)
rPois   .          Reflect  .   (helmet restricted)
rElec   .          Harm     .   (no cloak)
rCorr   .          Rampage  .   (no gloves)
Will    .....                   (no boots)
Stlth   ++........              (no amulet)
HPRegen 0.19/turn               s - ring of wizardry
MPRegen 0.13/turn               (no ring)

@: no status effects
A: breathe frost, AC +6, unfitting armour, cold resistance 1, cold-blooded
a: Breathe Frost, Renounce Religion


You were on level 4 of the Dungeon.
You worshipped Vehumet.
Vehumet was noncommittal.
You visited 1 branch of the dungeon, and saw 4 of its levels.

You collected 181 gold pieces.

Inventory:

Hand Weapons
 g - a +0 spear (weapon)
Jewellery
 m - a ring of flight
 p - a +6 ring of strength
 q - a ring of protection from fire
 s - a ring of wizardry (left hand)
Scrolls
 f - a scroll of fear
 h - a scroll of identify
 i - a scroll of summoning
 j - a scroll of teleportation
Potions
 a - 2 potions of magic
 b - a potion of degeneration
 c - a potion of heal wounds
 d - a potion of invisibility {unknown}
 e - a potion of resistance {unknown}
 k - 2 potions of ambrosia
 l - 5 potions of curing
 n - 5 potions of berserk rage
 o - a potion of lignification {unknown}
 r - a potion of haste {unknown}


   Skills:
 + Level 3.3 Fighting
 + Level 3.3 Dodging
 - Level 1.7 Stealth
 + Level 3.5 Spellcasting
 + Level 3.2 Conjurations
 + Level 3.6 Fire Magic


You had 7 spell levels left.
You knew the following spells:

 Your Spells              Type           Power      Damage    Failure   Level
a - Foxfire               Conj/Fire      56%        2x1d6     1%          1
b - Scorch                Fire           30%        2d6       2%          2
c - Conjure Flame         Conj/Fire      14%        6-21      4%          3

Your spell library contained the following spells:

 Spells                   Type           Power      Damage    Failure   Level
 Inner Flame              Hex/Fire       9%         N/A       10%         3
 Flame Wave               Conj/Fire      14%        2d6       16%         4
 Confusing Touch          Hex            3%         N/A       21%         3
 Portal Projectile        Hex/Tloc       6%         N/A       21%         3
 Tukima's Dance           Hex            3%         N/A       21%         3
 Blade Hands              Tmut           1%         N/A       86%         5
 Yara's Violent Unravell  Hex/Tmut       1%         3d3       86%         5
 Enfeeble                 Hex            1%         N/A       100%        7


Dungeon Overview and Level Annotations

Branches:
Dungeon (4/15)
 Temple: D:4-7

Altars:
Hepliaklqana
Okawaru
Vehumet
Wu Jian

Shops:
D:2 =   D:3 :


Innate Abilities, Weirdness & Mutations

You can breathe waves of freezing cold which knock back foes.
Your icy white scales are hard. (AC +6)
You cannot fit into any form of body armour.
Your flesh is cold resistant. (rC+)
You are cold-blooded and may be slowed by cold attacks.


Message History

You start resting.
Magic restored.
Found an escape hatch in the ceiling.
l - 5 potions of curing (gained 1)
There is an escape hatch in the ceiling here.
Menkaure, Prince of Dust comes into view.
Casting: Scorch (safe; 1% risk of failure)
Confirm with . or Enter, or press ? or * to list all spells.
You conjure some foxfire!
Casting: Foxfire (safe; 1% risk of failure)
Confirm with . or Enter, or press ? or * to list all spells.
You conjure some foxfire!
The foxfire hits Menkaure.
Menkaure is burned terribly!
Menkaure is lightly damaged.
Menkaure shouts!
Casting: Foxfire (safe; 1% risk of failure)
Confirm with . or Enter, or press ? or * to list all spells.
Flames lash Menkaure.
Menkaure is burned terribly!
Menkaure is severely damaged.
Menkaure's fire resistance burns away.
The foxfire hits Menkaure.
Menkaure is burned terribly!
Menkaure is almost destroyed.
Menkaure gestures wildly while chanting.
Menkaure seems to speed up.
The foxfire hits Menkaure.
Menkaure is almost destroyed.
Casting: Scorch (safe; 1% risk of failure)
Confirm with . or Enter, or press ? or * to list all spells.
Flames lash Menkaure.
Menkaure is burned terribly!
You destroy Menkaure!
Vehumet accepts your kill.
You have reached level 7!
Your scales start taking on an icy white colour.
You learn Fire Magic much slower.
Your Fire Magic skill decreases to level 3!
You learn Ice Magic much quicker.
You can breathe waves of freezing cold which knock back foes.
You feel resistant to cold.
Unknown command.
Unknown command.
Are you sure you want to abandon this character and quit the game? (Confirm with "yes".)

###..##.#### #.
#####..##.#######.
#.................
#..#......##.##.##
#......##.##...... #
#.#....##.####...#
#.##.#.#.###>........
#........# ######...#
###v@#.### ##.##
#§.#.#### #.#
#.§#....# ##.##
#.§####.# #.<.. #.##
#.# #..## #. #.#
#..## .. #.# #..## ..
#.##### #..## #.....#
#..##


There were no monsters in sight!

Vanquished Creatures
  Menkaure (D:4)
  An ogre (D:4)
  A hound (D:4)
  2 jellies
  An orc priest (D:3)
  An iguana (D:4)
  An orc wizard (D:4)
  3 adders
  2 dart slugs
  2 orcs (D:3)
  4 endoplasms
  A giant cockroach (D:4)
  6 goblins
  A hobgoblin (D:3)
  6 jackals (D:1)
  9 kobolds
  A ball python (D:3)
  4 bats
  3 frilled lizards (D:1)
  4 rats
54 creatures vanquished.

Vanquished Creatures (collateral kills)
  A scorpion (D:4)
1 creature vanquished.

Vanquished Creatures (others)
  59 foxfires
59 creatures vanquished.

Grand Total: 114 creatures vanquished

Notes
Turn   | Place    | Note
-------+----------+-------------------------------------------
     0 | D:1      | Smoke131 the Draconian Fire Elementalist began the quest
                  | for the Orb.
     0 | D:1      | Reached XP level 1. HP: 14/14 MP: 3/3
   297 | D:1      | Reached XP level 2. HP: 22/22 MP: 0/5
   300 | D:1      | Learned a level 2 spell: Scorch
   477 | D:1      | Reached skill level 1 in Fighting
  1126 | D:2      | Found an ornate altar of the Wu Jian Council.
  1160 | D:2      | Reached XP level 3. HP: 23/28 MP: 6/6
  1485 | D:2      | Found Qotown's One-of-a-Kind Rings.
  1555 | D:2      | Reached XP level 4. HP: 34/35 MP: 2/7
  1559 | D:2      | Learned a level 3 spell: Conjure Flame
  1791 | D:3      | Found Pouhu Hedo's Book Shop.
  1822 | D:3      | Found a radiant altar of Vehumet.
  1893 | D:3      | Found a faded altar of an unknown god.
  2459 | D:3      | Became a worshipper of Vehumet
  2545 | D:4      | Noticed a scorpion
  2546 | D:4      | Killed a scorpion
  2547 | D:4      | Reached XP level 5. HP: 41/41 MP: 5/9
  2859 | D:4      | Found a hazy altar of Hepliaklqana.
  2860 | D:4      | Found an iron altar of Okawaru.
  2962 | D:4      | Noticed an ogre
  3046 | D:4      | Killed an ogre
  3047 | D:4      | Reached XP level 6. HP: 41/50 MP: 0/10
  3517 | D:4      | Noticed Menkaure
  3522 | D:4      | Killed Menkaure
  3523 | D:4      | Your scales start taking on an icy white colour.
  3523 | D:4      | Reached XP level 7. HP: 57/57 MP: 5/12
  3523 | D:4      | Gained mutation: Your flesh is cold resistant. (rC+) [White
                  | Draconian growth]
  3523 | D:4      | Quit the game

Illustrated notes

Levels and vault maps discovered:
D:1:      saegor_arrival_miasma, layout_rooms, skrybe_limestone_x
D:2:      layout_loops_ring, basic_altar, minmay_misc_feat_pillars,
          minmay_misc_feat_four_crosses, minmay_stone_trees_small,
          nicolae_shop_unique_rings
D:3:      layout_rooms, fiery_altar_vehumet, serial_shops, nicolae_diamond_shop,
          chequers_ecumenical_altar_island, minmay_misc_feat_more_columns
D:4:      layout_loops_ring, gammafunk_temple_overflow_pools, minivault_4,
          sigmund_army, uniq_menkaure

Skill      XL: |  1  2  3  4  5  6 |
---------------+-------------------+-----
Dodging        | 2 3 |  3.3
Fighting       | 1 2 3 |  3.3
Conjurations   | 2 3 |  3.2
Spellcasting   | 3 |  3.5
Fire Magic     | 4 3 |  3.6
Stealth        | |  1.7

Action                   |  1- 3 |  4- 6 |  7- 9 || total
-------------------------+-------+-------+-------++-------
Melee: Whip              |    20 |       |       ||    20
       Spear             |    30 |    31 |       ||    61
       Tailslap          |     2 |     5 |       ||     7
       Punch             |     1 |       |       ||     1
 Cast: Foxfire           |    20 |    18 |       ||    38
       Scorch            |     5 |    30 |       ||    35
       Conjure Flame     |       |     2 |       ||     2
  Use: Scroll            |       |    10 |       ||    10
 Stab: Sleeping          |       |     1 |       ||     1
Armor: Skin              |    21 |    14 |       ||    35
Dodge: Dodged            |    35 |    27 |       ||    62
